Description

Zergling drop all-in

  • Strong on maps like Whirlwind and Vaani or any map with a wide droppable main surface area.

  • Strong against greedy twilight robo builds.

  • Weak against careful oracle openings.

Control group use is extremely important for this to work properly! Use 3 control groups for Zerglings.

Group 3: for first 8-10 Zerglings. They will defend against the first adapt and then make their way to the 1st overlord in position to drop. Once dropped, carefully poke Mineral lines, kill key Pylons or kill stray adepts or stalker. Don't get probe surrounded. Disengage if you start taking lots of damage. -> Proceed to engage wall from behind if no other easy targets or ling flood has arrived to break wall.

Group 2: Next 8 Zerglings, depending on situation to poke front or also drop into back, then behave like group 3

Group 1: Ling flood, all additional zerglings on group 1 for frontal attack. Try to maximise damage on cybercore or softest wall piece. However also maximise general damage output, don't have idle lings. Damage all buildings as much as your surface allows you. Just damaging one building makes it too easy to rewall behind it.

Focus on control group usage, injects and correct rally points!

Don't be afraid of a single stalker, just drop on it. Stalkers aren't helpful to defend front wall, so even if you lose the overlord it's not so bad. In that case use group 2 to attack wall immediately.

GL HF

Advanced tip: Overlords have a slow acceleration, start moving your overlord towards the drop location slightly before lings arrive to not waste time on acceleration

Rally and drop Map

Replay - DarowoonRace, LiquidTLO PvZ Vaani Research Station (Void)

Build Order

Get SALT Encoding   

  12  0:01  Drone 1st overlord to drop location  
  13  0:13  Overlord 2nd overlord to drop location   
  13  0:18  Drone  
  14  0:32  Drone  
  14  0:33  Drone  
  16  0:38  Drone  
  17  0:54  Hatchery  
  17  0:56  Drone  
  17  0:59  Drone  
  17  1:02  Extractor Only mine to 150 or 125 gas.  
  17  1:15  Spawning Pool  
  16  1:19  Drone  
  16  1:22  Drone  
  18  1:28  Drone  
  19  1:40  Overlord  
  19  1:50  Drone  
  20  2:01  Queen  
  20  2:04  Drone  
  20  2:06  Queen, Metabolic Boost  
  25  2:11  Drone  
  25  2:15  Drone  
  27  2:17  Drone  
  27  2:22  Drone  
  29  2:37  Hatchery  
  29  2:41  Drone  
  29  2:43  Drone  
  30  2:45  Overlord  
  30  2:51  Zergling x2 Start of Control group 3   
  30  2:52  Evolution Chamber  
  30  2:53  Zergling x2  
  30  2:57  Zergling x2  
  32  3:00  Zergling x2  
  33  3:06  Zergling x2 End of control group 3  
  33  3:11  Overlord  
  34  3:15  Zergling x8 Start of control group 2 , End of control group 2   
  38  3:21  Zergling x6 Ling flood, all new lings on group 1, Rally to the front!  
  41  3:28  Queen  
  43  3:35  Zergling x6  
  46  3:44  Zergling x8  
  46  3:46  Overlord  
  50  3:49  Overlord  
Spawning Tool Build Advisor. Get it on Overwolf

Go to:

Details

  • Created by: LiquidTLO 
  • Published on: Jan 10, 2017
  • Modified on: Feb 04, 2017
  • Patch: 3.8.0
Show
View Real Time Build Order
Export as new Build Order

Comments (1)

On Jan. 14, 2017, 4:33 p.m., SKIKS  said:

SO CREATIVE!!!

Create an account to comment!